 Dungeon Crawl Stone Soup version 0.25.1-2-g60ff931df9 (webtiles) character file.

Game seed: 446303678253280178

277 Johnny the Geomancer (level 5, -2/38 HPs)
             Began as a Demigod Earth Elementalist on Oct 9, 2020.
             Slain by an orc
             ... wielding a +0 mace
              (4 damage)
             ... on level 3 of the Dungeon.
             The game lasted 00:02:51 (3508 turns).

Johnny the Geomancer (Demigod Earth Elementalist)   Turns: 3508, Time: 00:02:52

Health: -2/38      AC:  5    Str: 11    XL:     5   Next: 74%
Magic:  9/17       EV: 12    Int: 21    God:
Gold:   97         SH:  0    Dex: 16    Spells: 12/16 levels left

rFire    . . .     SeeInvis .   a - +1 spear
rCold    + . .     Gourm    .   (no shield)
rNeg     . . .     Faith    .   p - +0 leather armour (curse)
rPois    .         Spirit   .   k - +0 helmet
rElec    .         Reflect  .   (no cloak)
rCorr    .         Harm     .   (no gloves)
MR       .....                  m - +0 pair of boots
Stlth    ++........             g - amulet of regeneration
HPRegen  0.52/turn              o - ring of protection from cold
MPRegen  0.15/turn              (no ring)

@: no status effects
A: high mp 1
a: no special abilities


You were on level 3 of the Dungeon.
You were hungry.

You visited 1 branch of the dungeon, and saw 3 of its levels.

You collected 97 gold pieces.

Inventory:

Hand Weapons
 a - a +1 spear (weapon)
Missiles
 n - 37 stones (quivered)
Armour
 c - a +0 robe
 k - a +0 helmet (worn)
 m - a +0 pair of boots (worn)
 p - a cursed +0 leather armour (worn)
 t - a cursed +0 robe
Jewellery
 g - an amulet of regeneration (around neck)
 o - a ring of protection from cold (left hand)
Scrolls
 e - a scroll of fog
 h - a scroll of enchant weapon
 j - a scroll of teleportation
Potions
 i - a potion of stabbing {unknown}
 l - 2 potions of might
 q - a potion of ambrosia {unknown}
 s - a potion of heal wounds {unknown}
Comestibles
 d - 8 rations
 f - 7 chunks of flesh


   Skills:
 - Level 1.7 Dodging
 - Level 1.7 Stealth
 + Level 6.1 Spellcasting
   Level 0.8 Transmutations
 * Level 9.5 Earth Magic


You had 12 spell levels left.
You knew the following spells:

 Your Spells              Type           Power        Failure   Level  Hunger
a - Sandblast             Erth           #####.       1%          1    None
b - Stone Arrow           Conj/Erth      ####..       5%          3    ##.....

Your spell library contained the following spells:

 Spells                   Type           Power        Failure   Level  Hunger
 Passwall                 Tmut/Erth      ####....     2%          2    None
 Lee's Rapid Deconstruct  Erth           #####.....   7%          5    #####..
 Petrify                  Tmut/Erth      ####....     14%         4    ####...


Dungeon Overview and Level Annotations

Branches:
Dungeon (3/15)

Annotations:
D:3 Sigmund


Innate Abilities, Weirdness & Mutations

You have an increased reservoir of magic. (+10% MP)


Message History

Aiming: Sandblast (safe; 2% risk of failure)
Press: ? - help, Shift-Dir - straight line, f/p - orc wizard
Aim: an orc wizard, wielding a +0 club and wearing a +0 robe (almost dead)
The blast of sand hits the orc wizard.
The orc wizard is almost dead.
n - 37 stones The orc wizard hits you with a +0 club.
The orc closely misses you.
The orc priest mumbles some strange prayers to Beogh against you.
Beogh smites you!
* * * LOW HITPOINT WARNING * * *
Okay, then.
Okay, then.
It was a potion of experience.
You feel more experienced!
Your Spellcasting skill gained 4 levels and is now at level 6!
Your Earth Magic skill gained 5 levels and is now at level 9!
You have reached level 5!
The orc wizard hits you but does no damage.
The orc hits you with a +0 mace.
You die...

.......÷÷..#.#.<..÷.......
#...............#.÷.......
...........).........###..
...........##.#...........
#.........................
...........##.###.....#...
#..........##.###.....####
..?........##...........##
#.....##.@o........####.##
#.##....#oo....##.## #....
. ##....o........^..#..÷.
####....###... #......
......#...# ###.<..
.#####.### #........ # ..
...####### ##. # # #


You could see an orc priest, an orc wizard and 2 orcs.

Vanquished Creatures
  A worker ant (D:2)
  Robin (D:2)
  5 adders (D:2)
  A worm (D:2)
  2 dart slugs (D:1)
  3 ball pythons
  4 bats
  2 giant cockroaches
  12 goblins
  8 hobgoblins
  5 kobolds
  2 quokkas (D:2)
  6 frilled lizards
  4 rats
56 creatures vanquished.

Notes
Turn   | Place    | Note
-------+----------+-------------------------------------------
     0 | D:1      | Johnny the Demigod Earth Elementalist began the quest for
                  | the Orb.
     0 | D:1      | Reached XP level 1. HP: 14/14 MP: 5/5
   266 | D:1      | Reached skill level 3 in Earth Magic
   326 | D:1      | Reached XP level 2. HP: 15/20 MP: 2/7
   434 | D:1      | You fall into a shaft and drop 1 floor!
  1347 | D:2      | Found an ornate altar of the Wu Jian Council.
  1620 | D:2      | Noticed Robin
  1625 | D:2      | Reached XP level 3. HP: 19/26 MP: 9/9
  1750 | D:2      | Killed Robin
  1999 | D:2      | Reached skill level 4 in Earth Magic
  2012 | D:2      | Reached XP level 4. HP: 14/33 MP: 7/10
  2182 | D:2      | Learned a level 3 spell: Stone Arrow
  2626 | D:2      | Found an iron altar of Okawaru.
  2674 | D:2      | Found a burning altar of Makhleb.
  2674 | D:2      | Noticed an Executioner
  2677 | D:2      | Noticed a neqoxec
  2677 | D:2      | Noticed an orange demon
  3071 | D:3      | Found a shadowy altar of Dithmenos.
  3071 | D:3      | Noticed Sigmund
  3507 | D:3      | HP: 1/33 [orc priest/divine providence (16)]
  3508 | D:3      | Reached skill level 9 in Earth Magic
  3508 | D:3      | Reached XP level 5. HP: 2/38 MP: 9/17
  3508 | D:3      | Slain by an orc

Illustrated notes

Levels and vault maps discovered:
D:1:      saegor_arrival_simple_a, layout_basic
D:2:      layout_basic, old_standard_altar, okawaru_metal_pillars_3,
          makhleb_altar_promises_db, uniq_robin
D:3:      layout_rooms, grunt_dithmenos_smoke, nicolae_overflow_hidden_temple,
          kennysheep_generic_room_7, uniq_sigmund, uniq_ijyb

Skill      XL: |  1  2  3  4 |
---------------+-------------+-----
Spellcasting   | 2 6 |  6.1
Earth Magic    | 3 4 9 |  9.5
Dodging        | |  1.7
Stealth        | |  1.7
Transmutations | |  0.8

Action                   |  1- 3 |  4- 6 || total
-------------------------+-------+-------++-------
Melee: Unarmed           |    48 |       ||    48
       Spear             |    55 |    62 ||   117
 Cast: Sandblast         |    32 |     8 ||    40
       Stone Arrow       |       |     2 ||     2
  Use: Potion            |     1 |     1 ||     2
       Scroll            |       |     5 ||     5
 Stab: Sleeping          |     4 |     3 ||     7
  Eat: Chunk             |     4 |     4 ||     8
Armor: Robe              |    24 |     6 ||    30
       Leather armour    |       |     1 ||     1
Dodge: Dodged            |    75 |    35 ||   110
